 Dungeon Crawl Stone Soup version 0.19-a0-1855-gb7442ac (webtiles) character file.

6090 Amnesiac the Covert (level 10, -2/61 HPs)
             Began as a Deep Elf Assassin on Oct 12, 2016.
             Was a Priest of Okawaru.
             Engulfed by a cloud of flame (20 damage)
             ... on level 11 of the Dungeon.
             The game lasted 00:26:09 (12510 turns).

Amnesiac the Covert (Deep Elf Assassin)            Turns: 12510, Time: 00:26:10

Health: -2/61      AC:  9    Str:  8    XL:     10   Next: 58%
Magic:  12/12      EV: 17    Int: 17    God:    Okawaru [***...]
Gold:   515        SH:  0    Dex: 22    Spells: 3 memorised, 2 levels left

rFire  . . .     SeeInvis .     w - +1 dagger (drain)
rCold  + . .     Gourm    .     U - +0 troll leather armour
rNeg   . . .     Faith    .     (no shield)
rPois  .         Spirit   .     (helmet restricted)
rElec  .         Dismiss  .     d - +0 cloak
rCorr  .         Reflect  .     y - +1 pair of gloves {Dex+3}
MR     +....     Harm     .     A - +1 pair of boots
Stlth  +++++.....               (no amulet)
                                b - ring of protection from cold
                                s - ring of wizardry

@: no status effects
A: antennae 1
a: Heroism, Renounce Religion


You were on level 11 of the Dungeon.
You worshipped Okawaru.
Okawaru was most pleased with you.
You were hungry.

You visited 1 branch of the dungeon, and saw 11 of its levels.

You collected 515 gold pieces.

Inventory:

Hand Weapons
 e - a +1 blowgun
 w - a +1 dagger of draining (weapon)
 R - a +1 dagger of venom
Missiles
 f - 23 poisoned needles
 L - 6 needles of confusion
 M - a curare-tipped needle
Armour
 d - a +0 cloak (worn)
 y - a +1 pair of gloves of dexterity (worn)
 A - a +1 pair of boots (worn)
 U - a +0 troll leather armour (worn)
Jewellery
 b - a ring of protection from cold (right hand)
 s - a ring of wizardry (left hand)
 I - an uncursed ring of see invisible
Wands
 a - a wand of acid (4/15)
 n - a wand of iceblast (7/15)
 t - a wand of random effects (6/48)
 H - a wand of iceblast (15/15)
 Q - a wand of paralysis (1/24)
 T - a wand of iceblast (11/15)
 V - a wand of digging (11/24)
Scrolls
 h - 10 scrolls of identify
 p - 2 scrolls of remove curse
 u - a scroll of teleportation
 x - 2 scrolls of recharging
 z - 3 scrolls of fear
 C - a scroll of blinking
 P - a scroll of amnesia
Potions
 j - 2 potions of ambrosia
 l - a potion of invisibility {unknown}
 m - 2 potions of berserk rage {unknown}
 o - 3 potions of lignification {unknown}
 q - a potion of agility
 r - 4 potions of curing {unknown}
 B - a potion of degeneration {unknown}
 D - 4 potions of flight {unknown}
 G - a potion of brilliance {unknown}
 K - 2 potions of magic
 N - 2 potions of mutation
Books
 c - a book of Misfortune

   Spells                             Type                      Level
   a - Confusing Touch                Hexes                        1
   b - Confuse                        Hexes                        3
   c - Gell's Gravitas                Hexes/Translocation          3
   d - Petrify                        Transmutation/Earth          4
   e - Metabolic Englaciation         Hexes/Ice                    5
   f - Yara's Violent Unravelling     Hexes/Transmutation          5
 E - a book of Battle

   Spells                             Type                      Level
   a - Infusion                       Charms                       1
   b - Shroud of Golubria             Charms/Translocation         2
   c - Song of Slaying                Charms                       2
   d - Spectral Weapon                Hexes/Charms                 3
   e - Regeneration                   Charms/Necromancy            3
 S - a book of Clouds

   Spells                             Type                      Level
   a - Mephitic Cloud                 Conjuration/Poison/Air       3
   b - Conjure Flame                  Conjuration/Fire             3
   c - Poisonous Cloud                Conjuration/Poison/Air       6
   d - Freezing Cloud                 Conjuration/Ice/Air          6
   e - Ring of Flames                 Charms/Fire                  7
Comestibles
 g - 9 bread rations
 i - 2 slices of pizza
 v - 3 beef jerkies
 F - 30 fruits
 J - a royal jelly
 O - 5 meat rations


   Skills:
 * Level 6.7 Fighting
 - Level 8.0 Short Blades
 - Level 8.0 Throwing
 + Level 6.5 Dodging
 + Level 10.2 Stealth


You had 2 spell levels left.
You knew the following spells:

 Your Spells              Type           Power        Failure   Level  Hunger
a - Spectral Weapon       Hex/Chrm       #.......     58%         3    ####...
r - Regeneration          Chrm/Necr      #.........   58%         3    ####...
z - Infusion              Chrm           #...         14%         1    ##.....


Dungeon Overview and Level Annotations

Branches:
Dungeon (11/15)            Temple (0/1) D:7            Lair (0/6) D:11
    Orc (0/2) D:9

Altars:
Cheibriados
Elyvilon
Fedhas
Hepliaklqana
Nemelex Xobeh
Okawaru
Ru
Trog
Uskayaw
Xom
Zin
Beogh

Portals:
Trove: D:11 (give 2 scrolls of acquirement)

Annotations:
D:8 barbarian's ghost, novice VSEn


Innate Abilities, Weirdness & Mutations

You have a pair of small antennae on your head.


Message History

You hit the centaur zombie but do no damage.
The centaur zombie is almost destroyed.
The centaur zombie hits you but does no damage.
You hit the centaur zombie.
The centaur zombie is almost destroyed.
The centaur zombie barely misses you.
You hit the centaur zombie.
The centaur zombie explodes!
The fiery explosion engulfs you!
Ouch! That really hurt!
Okawaru accepts your kill.
You are engulfed in roaring flames.
You are engulfed in roaring flames.
* * * LOW HITPOINT WARNING * * *
You feel much better.
You are engulfed in roaring flames.
* * * LOW HITPOINT WARNING * * *
You feel much better.
You are engulfed in roaring flames.
* * * LOW HITPOINT WARNING * * *
You are engulfed in roaring flames.
You die...

#.##.....#.##
#..........#
#.##.....#.#
#.###..)##.###
#.# ##.###...#
#.####.# ###.#
#......# #§#
####..## #§#
#.># #@# #..#
#.# #..# #..
#..# ###. .
#..#########.##
#..............
#.####.....#...
#.# #.8#8.# ##
#.# #.#(#.##


There were no monsters in sight!

Vanquished Creatures
  Maurice (D:10)
  A tengu conjurer (D:10)
  Grinder (D:5)
  A troll (D:10)
  3 hippogriffs
  5 yaks (D:10)
  A hungry ghost (D:9)
  Grum (D:8)
  Edmund (D:5)
  A water moccasin (D:10)
  2 sky beasts (D:6)
  4 orc warriors
  2 ice beasts
  A necrophage (D:7)
  4 ogres
  3 wolves (D:8)
  4 centaurs
  2 bullfrogs
  A water moccasin skeleton (D:7)
  3 scorpions
  3 howler monkeys
  5 crimson imps
  A centaur zombie (D:11)
  2 hounds
  A centaur skeleton (D:7)
  6 orc priests
  A gnoll shaman (D:7)
  2 jellies
  8 orc wizards
  2 worker ants
  A killer bee zombie (D:10)
  4 hound skeletons
  A worker ant zombie (D:5)
  11 adders
  4 gnolls
  2 shadow imps
  2 adder skeletons
  3 adder zombies
  5 worms
  4 dart slugs
  8 leopard geckos
  46 orcs
  5 bats
  4 giant cockroaches
  5 goblins
  5 hobgoblins
  10 jackals
  12 kobolds
  7 quokkas
  3 ball pythons
  7 frilled lizards
  A jackal skeleton (D:8)
  A jackal zombie (D:6)
  A leopard gecko skeleton (D:4)
  A quokka skeleton (D:6)
  6 rats
232 creatures vanquished.

Notes
Turn   | Place    | Note
-------+----------+-------------------------------------------
     0 | D:1      | Amnesiac the Deep Elf Assassin began the quest for the Orb.
     0 | D:1      | Reached XP level 1. HP: 12/12 MP: 3/3
   105 | D:1      | Reached XP level 2. HP: 16/16 MP: 4/4
   531 | D:1      | Reached skill level 5 in Stealth
  1147 | D:3      | Reached XP level 3. HP: 21/21 MP: 5/5
  1372 | D:3      | Found a blossoming altar of Fedhas.
  2290 | D:4      | Reached XP level 4. HP: 26/26 MP: 6/6
  2645 | D:5      | Entered Level 5 of the Dungeon
  2671 | D:5      | Reached skill level 6 in Stealth
  2774 | D:5      | Reached XP level 5. HP: 15/30 MP: 7/7
  2900 | D:5      | Noticed Edmund
  2915 | D:5      | Noticed Grinder
  2924 | D:5      | Killed Grinder
  2924 | D:5      | Reached skill level 7 in Stealth
  2924 | D:5      | Reached XP level 6. HP: 13/36 MP: 8/8
  3195 | D:5      | Killed Edmund
  3195 | D:5      | Reached XP level 7. HP: 40/40 MP: 9/9
  3513 | D:5      | Learned a level 3 spell: Regeneration
  3517 | D:5      | Learned a level 3 spell: Spectral Weapon
  4420 | D:6      | Reached skill level 8 in Stealth
  4508 | D:6      | Gained mutation: You have a pair of small antennae on your head. [mutagenic meat]
  4896 | D:6      | Reached XP level 8. HP: 46/46 MP: 10/10
  5123 | D:6      | Found a sparkling altar of Nemelex Xobeh.
  5124 | D:6      | Found an iron altar of Okawaru.
  5129 | D:6      | Became a worshipper of Warmaster Okawaru
  5248 | D:6      | Reached skill level 5 in Dodging
  5248 | D:6      | Reached skill level 9 in Stealth
  5744 | D:6      | Reached skill level 5 in Short Blades
  5744 | D:6      | Reached skill level 5 in Throwing
  6034 | D:2      | Found a shimmering altar of Xom.
  6453 | D:2      | Found a bloodstained altar of Trog.
  7029 | D:7      | Reached * piety under Okawaru
  7116 | D:7      | Learned a level 1 spell: Infusion
  7163 | D:7      | Found a white marble altar of Elyvilon.
  7551 | D:7      | Found a staircase to the Ecumenical Temple.
  7561 | D:7      | Noticed a hippogriff
  7587 | D:7      | Killed a hippogriff
  7587 | D:7      | Reached XP level 9. HP: 38/52 MP: 11/11
  7926 | D:8      | Reached skill level 5 in Fighting
  8425 | D:8      | Noticed barbarian's ghost (novice VSEn)
  8441 | D:8      | Found a hazy altar of Hepliaklqana.
  8441 | D:8      | Noticed Grum
  8465 | D:8      | Found a sacrificial altar of Ru.
  8856 | D:8      | Killed Grum
  9249 | D:8      | Reached ** piety under Okawaru
  9909 | D:9      | Found a hide-covered altar of Uskayaw.
  9940 | D:9      | Found a glowing silver altar of Zin.
 10061 | D:9      | Found a snail-covered altar of Cheibriados.
 10560 | D:9      | Found a staircase to the Orcish Mines.
 10562 | D:9      | Found a roughly hewn altar of Beogh.
 10753 | D:9      | Reached XP level 10. HP: 33/59 MP: 12/12
 11072 | D:10     | Entered Level 10 of the Dungeon
 11079 | D:10     | Reached *** piety under Okawaru
 11779 | D:10     | Noticed Maurice
 11803 | D:10     | Killed Maurice
 11864 | D:10     | Reached skill level 10 in Stealth
 12428 | D:11     | Found a staircase to the Lair.
 12457 | D:11     | Found a portal to a secret trove of treasure.
 12510 | D:11     | Engulfed by a cloud of flame

Vault maps used:
D:1:      matt_arrival_los_fun, lemuel_old_faithful
D:2:      xom_butterflies, overflow_temple_1_default
D:3:      old_standard_altar
D:4:      first_bread
D:5:      minmay_lizard_king, uniq_edmund, uniq_grinder
D:6:      gammafunk_temple_overflow_statue, kennysheep_generic_room_4
D:7:      elyvilon_altar_5, kennysheep_generic_room_8
D:8:      nicolae_ru_sacrificial_ziggurat, nicolae_overflow_crystal_walls,
          uniq_grum
D:9:      grunt_temple_overflow_open, minmay_orc_entry_temple_small
D:10:     grunt_tengu_nest, minmay_misc_feat_columns, nicolae_twisting_strands,
          uniq_maurice
D:11:     lair_0_dummy, nicolae_trove_entry_columns, minmay_statues_item,
          uniq_harold, uniq_psyche

Skill      XL: |  1  2  3  4  5  6  7  8  9 10 |
---------------+-------------------------------+-----
Dodging        | 2 3 4 5 6 |  6.5
Stealth        | 5 6 7 8 9 10 | 10.2
Fighting       | 2 3 4 5 6 |  6.7
Throwing       | 3 4 6 8 |  8.0
Short Blades   | 3 4 6 8 |  8.0

Action                   |  1- 3 |  4- 6 |  7- 9 | 10-12 || total
-------------------------+-------+-------+-------+-------++-------
Melee: Dagger            |   175 |   145 |  1230 |   108 ||  1658
 Fire: Blowgun           |     8 |    18 |    41 |    12 ||    79
 Cast: Infusion          |       |       |     7 |       ||     7
Evoke: Wand              |       |       |     4 |       ||     4
  Use: Potion            |       |       |     6 |     2 ||     8
       Scroll            |       |       |    18 |     1 ||    19
 Stab: Sleeping          |     4 |     3 |    20 |     8 ||    35
       Distracted        |       |       |     5 |       ||     5
       Confused          |       |       |     9 |     5 ||    14
       Paralysed         |       |       |     1 |       ||     1
  Eat: Chunk             |     4 |     3 |    28 |     5 ||    40
Armor: Robe              |    21 |    33 |   237 |     6 ||   297
       Troll leather arm |       |       |       |     6 ||     6
Dodge: Dodged            |   113 |    80 |   737 |    51 ||   981
